Map: Cactus Valley LE (Void)

Players

Rob

  • Race: Protoss Protoss

Bop - Winner!

  • Race: Zerg Zerg

VOD

Have the link to the VOD?

Description

Time

  • Played on: May 3, 2015, 5:54 a.m.
  • Length: 8:32
Show
View Real Time Build Order
Export as new Build Order

Rob Protoss 

Build Orders:  

Get SALT Encoding   

  12  0:01  Probe  
  13  0:15  Pylon  
  13  0:18  Probe  
  14  0:34  Probe (Chrono Boost)  
  15  0:39  Gateway  
  16  0:43  Probe (Chrono Boost)  
  16  0:51  Probe  
  16  0:52  Assimilator  
  16  0:54  Assimilator  
  17  1:03  Probe (Chrono Boost)  
  18  1:07  Pylon  
  18  1:14  Probe (Chrono Boost)  
  19  1:20  Probe  
  20  1:33  Cybernetics Core  
  20  1:35  Probe, Pylon  
  21  1:43  Zealot (Chrono Boost)  
  23  1:47  Probe  
  24  1:59  Probe (Chrono Boost)  
  25  2:09  Adept  
  25  2:10  Warp Gate (Chrono Boost)  
  25  2:12  Mothership Core (Chrono Boost)  
  29  2:26  Probe  
  30  2:36  Adept  
  32  2:46  Probe (Chrono Boost)  
  32  2:47  Nexus  
  33  2:56  Pylon  
  32  3:00  Probe (Chrono Boost)  
  32  3:08  Probe  
  33  3:20  Probe  
  33  3:23  Adept (Chrono Boost)  
  35  3:33  Probe  
  34  3:35  Pylon  
  31  3:49  Gateway  
  31  3:50  Gateway  
  31  3:52  Twilight Council  
  31  3:55  Mothership Core  
  34  4:04  Pylon  
  34  4:13  Pylon  
  34  4:14  Pylon  
  32  4:18  Sentry  
  34  4:26  Pylon  
  34  4:28  Pylon  
  28  4:58  Zealot x2  
  28  4:59  Cybernetics Core  
  32  5:09  Shield Upgrade (Chrono Boost)  
  32  5:11  Nexus  
  32  5:18  Pylon  
  32  5:21  Zealot x2  
  35  5:46  Robotics Facility  
  27  6:00  Adept  
  27  6:01  Adept  
  31  6:08  Forge  
  29  6:37  Adept x2  
  33  6:41  Probe (Chrono Boost)  
  33  6:46  Probe (Chrono Boost)  
  35  6:49  Robotics Bay  
  35  6:51  Probe (Chrono Boost)  
  35  6:52  Gateway  
  35  6:54  Gateway, Probe (Chrono Boost)  
  37  6:59  Adept x2  
  41  7:05  Probe (Chrono Boost)  
  41  7:06  Probe (Chrono Boost)  
  43  7:14  Probe x2 (Chrono Boost)  
  47  7:23  Probe (Chrono Boost)  
  47  7:27  Probe (Chrono Boost)  
  47  7:41  Assimilator x2  
  51  7:45  Probe x2, Disruptor (Chrono Boost), Pylon  
  51  7:51  Disruptor  
  53  7:56  Sentry x2  
  53  7:57  Probe x2 (Chrono Boost)  
  59  8:09  Probe x2 (Chrono Boost), Photon Cannon  
  61  8:15  Probe x2 (Chrono Boost)  
Show
View Real Time Build Order
Export as new Build Order

Bop Zerg - Winner!

Build Orders: Hatch First, Swarm Host 

Get SALT Encoding   

  12  0:00  Drone  
  13  0:13  Overlord  
  13  0:19  Drone  
  14  0:32  Drone x2  
  17  0:35  Drone  
  17  0:48  Drone  
  18  1:04  Hatchery, Drone  
  18  1:10  Drone  
  19  1:15  Extractor  
  18  1:20  Spawning Pool  
  18  1:23  Drone  
  18  1:34  Drone  
  19  1:44  Drone  
  20  2:06  Queen  
  22  2:15  Queen  
  22  2:16  Zergling x4  
  22  2:19  Metabolic Boost  
  22  2:22  Overlord  
  26  2:28  Zergling x2  
  26  2:29  Zergling x2  
  27  2:53  Queen  
  27  2:55  Lair  
  27  2:56  Drone x5  
  34  2:59  Overlord  
  34  3:18  Zergling x10  
  39  3:28  Overlord  
  39  3:30  Drone x2  
  39  3:36  Drone  
  38  3:46  Drone x5  
  38  3:48  Extractor  
  42  3:49  Extractor  
  41  3:58  Infestation Pit  
  41  3:59  Drone x2  
  41  4:11  Drone x5  
  46  4:18  Overlord  
  45  4:33  Swarm Host  
  46  4:39  Swarm Host  
  48  4:47  Swarm Host  
  48  4:53  Swarm Host  
  51  5:04  Swarm Host  
  54  5:09  Zergling x2  
  54  5:10  Zergling x4  
  57  5:16  Zergling x6  
  57  5:20  Burrow  
  60  5:29  Overlord  
  60  5:37  Hydralisk Den  
  58  5:52  Lurker Den  
  58  5:54  Drone x9  
  58  5:56  Extractor  
  64  6:01  Overlord  
  64  6:08  Drone x2  
  64  6:09  Drone  
  64  6:26  Hydralisk x4  
  72  6:34  Hydralisk x2  
  72  6:39  Overlord  
  76  6:41  Overlord  
  76  6:47  Overlord  
  76  6:57  Overlord  
  76  7:01  Overseer  
  76  7:06  Hive  
  76  7:08  Drone x2  
  78  7:19  Lurker x3  
  81  7:24  Zergling x2  
  81  7:25  Zergling x20  
  92  7:30  Overlord  
  92  7:43  Zergling x10  
  92  7:44  Zergling x8  
  101  7:48  Evolution Chamber  
  100  7:55  Overlord  
  100  8:03  Overlord  
  100  8:06  Spine Crawler  
  100  8:07  Spine Crawler  
Tags
 
Add a new tag
Caveats
  • Supply blocks, unpowered buildings, or Contaminate may cause inaccurate times.
  • Supply counts are checked every 10 seconds.